cohdb
Replays
Latest Replays
All Replays
Popular Replays
Top Player Replays
Match Explorer
How It Works
Community
CoH3 Stats
Reddit
Sign in to upload your games and track your stats! →
Sign in with Steam
Match 36347045
Unlisted
Match 36347045
Overview
Messages
Build Orders
End
Construct Section Command Post
Selects Heavy Armor Battlegroup
Dingo Light Scout Car
Infantry Section
ML 3-inch Mortar Team
Infantry Section
Vickers Machine Gun Team
Construct Platoon Command Post
Selects Rigorous Vehicle Training
Grenade Package
Dr. GigaChud M.D.
Chorpy
ETZUMD
[PER]Buccefalo
Yaas
只想养群猪
0
0
Comments
sign in to comment!
No comments posted yet!